AoeStats
← 三岁时就很 酷

Black Forest

509370292Analyzed
4v4 RM · 5d ago on Sep 26, 2026· 50m 28s· 8 players
Game mode
Random Map
Map size
Large (8 player)
Population
200
Speed
Normal
Resources
Standard
Victory
Conquest
Starting age
Dark Age
Ending age
Imperial Age
RankedLock teamsTeams togetherTeam positionsShared explorationLock speedFull tech treeHidden civsTurbo modeCheats
Victory
Defeat
🇨🇳 Khmer · China
954
+16
🇦🇹 Wu · Austria
933
+17
🇹🇼 Franks · Taiwan
931
+17
🇦🇺 Turks · Australia
919
+16
🇭🇰 Huns · Hong Kong SAR China
963
-17
963
-17
🇨🇳 Teutons · China
960
-17
🇺🇾 Byzantines · Uruguay
904
-15
心死就在一瞬間
2:43 Loom
11:45 Feudal Age
16:41 Castle Age
15:15 Double-Bit Axe
17:38 Bow Saw
18:08 Fervor
22:28 Gold Mining
26:17 Wheelbarrow
26:03 Stone Mining
26:35 Pikeman
27:18 Squires
28:28 Scale Mail Armor
31:17 Chain Mail Armor
31:13 Forging
31:10 Scale Barding Armor
31:27 Husbandry
31:37 Ordonnance Companies
35:05 Imperial Age
33:07 Masonry
36:01 Caravan
35:33 Elite Throwing Axeman
35:47 Cavalier
37:17 Chivalry
38:41 Paladin
40:56 Chain Barding Armor
41:06 Plate Mail Armor
41:11 Iron Casting
43:51 Halberdier
47:20 Plate Barding Armor
47:20 Iron Casting
Rido
0:26 Loom
11:16 Feudal Age
15:35 Castle Age
13:53 Gold Mining
13:52 Double-Bit Axe
15:23 Horse Collar
18:53 Fervor
19:59 Bow Saw
22:52 Wheelbarrow
22:30 Heavy Plow
23:50 Hand Cart
27:02 Imperial Age
26:39 Gold Shaft Mining
28:11 Conscription
28:47 Artillery
30:23 Bloodlines
30:13 Husbandry
31:01 Fletching
31:12 Padded Archer Armor
32:34 Heavy Camel Rider
33:25 Scale Barding Armor
35:51 Chain Barding Armor
38:49 Plate Barding Armor
41:43 Two-Man Saw
41:23 Forging
41:09 Bodkin Arrow
44:56 Iron Casting
44:22 Bracer
47:40 Elite Janissary
张佳乐世界冠军
9:10 Feudal Age
13:25 Castle Age
12:32 Loom
13:59 Double-Bit Axe
17:20 Bow Saw
20:19 Horse Collar
23:56 Heavy Plow
26:02 Gold Mining
29:11 Imperial Age
27:49 Ballistics
28:33 Forging
29:22 Gold Shaft Mining
28:54 Scale Barding Armor
29:43 Stone Mining
29:22 Elite Battle Elephant
30:14 Bloodlines
30:05 Husbandry
31:02 Iron Casting
30:48 Chain Barding Armor
32:24 Crop Rotation
31:33 Light Cavalry
33:28 Plate Barding Armor
34:28 Hussar
35:45 Conscription
37:51 Blast Furnace
36:40 Pikeman
37:38 Halberdier
38:27 Arson
39:10 Arson
39:32 Scale Mail Armor
42:04 Tusk Swords
42:22 Caravan
46:01 Chemistry
45:16 Elite Ballista Elephant
46:00 Heavy Scorpion
47:23 Double Crossbow
49:41 Coinage
Bantum
0:27 Loom
12:03 Feudal Age
12:14 Man-at-Arms
14:58 Double-Bit Axe
17:29 Wheelbarrow
18:46 Horse Collar
22:56 Castle Age
23:03 Gold Mining
24:56 Heavy Plow
25:07 Pikeman
30:29 Fletching
34:20 Imperial Age
32:35 Gold Shaft Mining
32:10 Stone Mining
33:34 Red Cliffs Tactics
33:39 Bodkin Arrow
34:12 Hand Cart
35:34 Elite Fire Archer
36:36 Conscription
36:23 Bracer
38:13 Padded Archer Armor
39:18 Leather Archer Armor
40:35 Halberdier
42:14 Masonry
43:06 Chemistry
42:29 Ballistics
45:49 Scale Mail Armor
45:59 Forging
45:49 Scale Mail Armor
47:00 Squires
47:16 Chain Mail Armor
50:18 Plate Mail Armor
50:23 Iron Casting
三岁时就很 酷
3:46 Loom
10:53 Feudal Age
16:10 Castle Age
14:53 Double-Bit Axe
17:49 Bow Saw
17:46 Horse Collar
25:02 Wheelbarrow
25:18 Heavy Plow
25:40 Forging
25:58 Squires
28:32 Hand Cart
31:47 Imperial Age
31:06 Iron Casting
30:32 Scale Mail Armor
30:41 Scale Barding Armor
30:43 Gold Mining
32:51 Gold Shaft Mining
32:20 Grand Trunk Road
32:53 Conscription
32:12 Elite Ghulam
32:50 Stone Mining
33:21 Chain Mail Armor
34:06 Blast Furnace
33:25 Chain Mail Armor
33:31 Arson
35:10 Two-Man Saw
34:35 Chain Barding Armor
34:19 Husbandry
34:30 Bloodlines
33:46 Heavy Camel Rider
34:47 Town Watch
35:28 Ballistics
36:08 Chemistry
35:03 Murder Holes
35:19 Masonry
36:43 Stone Shaft Mining
37:52 Coinage
37:22 Caravan
38:21 Imperial Camel Rider
40:14 Plate Barding Armor
42:36 Banking
44:29 Shatagni
46:28 Padded Archer Armor
46:18 Fletching
46:37 Siege Engineers
alex_anz
8:43 Loom
10:38 Feudal Age
11:26 Loom
15:05 Castle Age
14:47 Horse Collar
14:53 Double-Bit Axe
17:22 Bow Saw
23:45 Wheelbarrow
25:11 Hand Cart
29:56 Imperial Age
27:34 Gold Mining
28:04 Treadmill Crane
29:06 Forging
29:01 Scale Barding Armor
29:37 Husbandry
29:55 Light Cavalry
30:26 Cavalier
32:59 Iron Casting
32:45 Chain Barding Armor
32:49 Heavy Camel Rider
33:25 Elite Skirmisher
36:19 Plate Barding Armor
35:51 Pikeman
38:21 Thumb Ring
39:59 Fletching
40:09 Padded Archer Armor
43:05 Bodkin Arrow
43:25 Leather Archer Armor
sainimu
0:45 Loom
15:39 Feudal Age
16:31 Double-Bit Axe
21:40 Castle Age
19:26 Horse Collar
20:57 Wheelbarrow
21:11 Stone Mining
23:40 Heavy Plow
27:05 Town Watch
28:30 Bow Saw
35:09 Imperial Age
33:35 Hand Cart
34:06 Gold Mining
34:18 Padded Archer Armor
34:09 Fletching
34:34 Murder Holes
34:50 Masonry
35:26 Leather Archer Armor
36:11 Bloodlines
36:01 Husbandry
36:34 Conscription
36:42 Parthian Tactics
35:37 Heavy Cavalry Archer
36:43 Bodkin Arrow
38:02 Gold Shaft Mining
37:39 Scale Barding Armor
37:59 Atheism
39:29 Bracer
40:39 Light Cavalry
41:14 Capped Ram
42:16 Marauders
46:10 Siege Ram
000
1:15 Loom
14:32 Feudal Age
19:03 Horse Collar
22:09 Castle Age
21:04 Double-Bit Axe
24:55 Wheelbarrow
24:45 Stone Mining
24:50 Gold Mining
25:26 Bow Saw
25:19 Heavy Plow
27:15 Pikeman
27:42 Elite Skirmisher
31:31 Stone Shaft Mining
Connection lost

Rejoining the realm…

Still unreachable

The connection could not be restored.

Session expired

The server has moved on; the page needs a fresh start.